2242 views
Uploaded 2022-04-16 23:59:34
Game version 1.32.6 / 1.32.7
75:37 long 4on4 ladder game on (8)GoldRush
Saved by Cabeelibob
2242 views
Uploaded 2022-04-16 23:59:34
Game version 1.32.6 / 1.32.7
75:37 long 4on4 ladder game on (8)GoldRush


247 units @ 23.9k
/ 3k
371 buildings @ 32.4k
/ 15.6k


| Orb of Fire | 5 | 1625 |
| Scroll of Regeneration | 1 | 100 |
| Lesser Clarity Potion | 2 | 140 |
| Boots of Speed | 2 | 500 |
| Orb of Lightning | 1 | 375 |
| total: | 11 | 2740g |
| Peasant | 26 | 1950 | / | 0 |
| Mortar Team | 13 | 2340 | / | 910 |
| total: | 39 | 4290g | / | 910w |
| Scout Tower | 48 | 1440 | / | 960 |
| Arcane Tower | 1 | 70 | / | 50 |
| Guard Tower | 8 | 560 | / | 400 |
| Altar of Kings | 2 | 360 | / | 100 |
| Farm | 16 | 1280 | / | 320 |
| Town Hall | 1 | 385 | / | 205 |
| Lumber Mill | 2 | 240 | / | 0 |
| Blacksmith | 1 | 140 | / | 60 |
| Arcane Vault | 2 | 260 | / | 60 |
| Workshop | 2 | 280 | / | 280 |
| Keep | 1 | 320 | / | 210 |
| Castle | 1 | 360 | / | 210 |
| total: | 74 | 4385g | / | 1985w |
| 0:05 | Peasant |
| 0:10 | Altar of Kings |
| 0:13 | Peasant |
| 0:19 | Peasant |
| 0:25 | Farm |
| 0:35 | Peasant |
| 0:47 | Peasant |
| 0:48 | Farm |
| 0:50 | Peasant |
| 1:06 | Peasant |
| 1:10 | Scout Tower |
| 1:17 | Peasant |
| 1:27 | Peasant |
| 1:39 | Arcane Tower |
| 1:43 | Peasant |
| 1:50 | Peasant |
| 2:02 | Peasant |
| 2:07 | Peasant |
| 2:10 | Storm Bolt |
| 2:22 | Peasant |
| 2:39 | Peasant |
| 3:04 | Town Hall |
| 3:19 | Peasant |
| 3:19 | Peasant |
| 3:23 | Lumber Mill |
| 4:20 | Peasant |
| 4:26 | Improved Masonry |
| 5:09 | Keep |
| 5:13 | Blacksmith |
| 5:18 | Peasant |
| 5:18 | Peasant |
| 5:26 | Bash |
| 5:58 | Peasant |
| 7:04 | Black Gunpowder |
| 7:04 | Iron Plating |
| 7:05 | Studded Leather Armor |
| 7:45 | Castle |
| 7:47 | Workshop |
| 7:49 | Workshop |
| 9:10 | Flare |
| 9:13 | Refined Gunpowder |
| 9:13 | Reinforced Leather Armor |
| 10:05 | Bash |
| 10:07 | Holy Light |
| 10:24 | Fragmentation Shards |
| 10:25 | Mortar Team |
| 10:25 | Mortar Team |
| 10:37 | Farm |
| 10:38 | Farm |
| 12:30 | Farm |
| 12:31 | Farm |
| 12:34 | Farm |
| 13:09 | Imbued Gunpowder |
| 13:24 | Lumber Mill |
| 13:34 | Farm |
| 13:36 | Farm |
| 14:44 | Improved Lumber Harvesting |
| 15:38 | Mortar Team |
| 18:29 | Peasant |
| 18:29 | Peasant |
| 18:29 | Peasant |
| 18:30 | Peasant |
| 18:30 | Peasant |
| 18:34 | Mortar Team |
| 18:41 | Altar of Kings |
| 19:40 | Advanced Lumber Harvesting |
| 19:40 | Advanced Masonry |
| 19:43 | Scout Tower |
| 19:44 | Scout Tower |
| 19:45 | Scout Tower |
| 20:38 | Mortar Team |
| 20:53 | Guard Tower |
| 20:55 | Scout Tower |
| 20:56 | Scout Tower |
| 20:57 | Scout Tower |
| 22:08 | Mortar Team |
| 23:45 | Dragonhide Armor |
| 24:57 | Thunder Clap |
| 24:58 | Storm Bolt |
| 25:01 | Bash |
| 25:01 | Storm Bolt |
| 25:05 | Divine Shield |
| 25:07 | Divine Shield |
| 27:56 | Guard Tower |
| 28:02 | Scout Tower |
| 28:03 | Scout Tower |
| 28:04 | Scout Tower |
| 28:04 | Scout Tower |
| 28:05 | Scout Tower |
| 28:06 | Scout Tower |
| 28:08 | Scout Tower |
| 28:08 | Scout Tower |
| 28:09 | Scout Tower |
| 28:10 | Scout Tower |
| 28:10 | Scout Tower |
| 29:29 | Guard Tower |
| 30:00 | Arcane Vault |
| 30:01 | Arcane Vault |
| 30:07 | Scout Tower |
| 30:08 | Scout Tower |
| 30:08 | Scout Tower |
| 32:30 | Guard Tower |
| 34:43 | Holy Light |
| 34:45 | Holy Light |
| 37:18 | Bash |
| 37:20 | Storm Bolt |
| 37:36 | Imbued Masonry |
| 38:36 | Orb of Fire |
| 38:38 | Orb of Fire |
| 42:19 | Orb of Fire |
| 42:20 | Orb of Fire |
| 42:33 | Storm Bolt |
| 44:02 | Divine Shield |
| 47:38 | Holy Light |
| 47:40 | Avatar |
| 50:53 | Mortar Team |
| 50:53 | Mortar Team |
| 50:54 | Mortar Team |
| 50:54 | Mortar Team |
| 50:54 | Mortar Team |
| 50:54 | Mortar Team |
| 50:54 | Mortar Team |
| 50:59 | Farm |
| 51:01 | Farm |
| 51:01 | Farm |
| 51:06 | Avatar |
| 51:09 | Holy Light |
| 51:29 | Orb of Lightning |
| 52:03 | Boots of Speed |
| 52:04 | Boots of Speed |
| 54:18 | Scout Tower |
| 54:18 | Scout Tower |
| 54:19 | Scout Tower |
| 54:19 | Scout Tower |
| 54:22 | Scout Tower |
| 54:23 | Scout Tower |
| 54:26 | Scout Tower |
| 54:27 | Scout Tower |
| 54:29 | Scout Tower |
| 54:31 | Scout Tower |
| 55:06 | Guard Tower |
| 55:19 | Scout Tower |
| 55:20 | Scout Tower |
| 55:28 | Scout Tower |
| 55:30 | Scout Tower |
| 55:31 | Scout Tower |
| 55:32 | Scout Tower |
| 55:35 | Guard Tower |
| 55:42 | Scout Tower |
| 55:42 | Scout Tower |
| 55:44 | Scout Tower |
| 55:53 | Scout Tower |
| 55:54 | Scout Tower |
| 56:00 | Scout Tower |
| 56:02 | Scout Tower |
| 56:03 | Scout Tower |
| 56:06 | Scout Tower |
| 56:40 | Guard Tower |
| 56:44 | Guard Tower |
| 59:58 | Scout Tower |
| 59:59 | Scout Tower |
| 63:45 | Orb of Fire |
| 66:10 | Resurrection |
| 67:29 | Scroll of Regeneration |
| 67:38 | Lesser Clarity Potion |
| 67:38 | Lesser Clarity Potion |
| 72:44 | Farm |
| 72:45 | Farm |
| 72:46 | Farm |
| 72:47 | Farm |
| 75:28 | Divine Shield |
| 75:30 | Divine Shield |
| 75:31 | Resurrection |
| Right click | 3481 |
| Select group | 1809 |
| Select | 489 |
| Use ability | 224 |
| Misc. action | 186 |
| Build/train/purchase | 122 |
| Resource trade | 93 |
| Minimap ping | 31 |
| Assign group | 23 |
| Item give/drop | 6 |
| Esc | 2 |
Jgraham2
(30)
(75:23) : 

| Peasant | 69 | 5175 | / | 0 |
| total: | 69 | 5175g | / | 0w |
| Scout Tower | 132 | 3960 | / | 2640 |
| Arcane Tower | 1 | 70 | / | 50 |
| Guard Tower | 49 | 3430 | / | 2450 |
| Altar of Kings | 2 | 360 | / | 100 |
| Farm | 6 | 480 | / | 120 |
| Lumber Mill | 3 | 360 | / | 0 |
| Town Hall | 18 | 6930 | / | 3690 |
| Keep | 2 | 640 | / | 420 |
| total: | 161 | 12090g | / | 6550w |
| 0:06 | Altar of Kings |
| 0:08 | Peasant |
| 0:08 | Peasant |
| 0:08 | Peasant |
| 0:08 | Peasant |
| 0:27 | Farm |
| 0:28 | Farm |
| 0:28 | Farm |
| 0:42 | Peasant |
| 0:50 | Scout Tower |
| 1:18 | Lumber Mill |
| 1:40 | Arcane Tower |
| 2:02 | Peasant |
| 2:02 | Peasant |
| 2:14 | Storm Bolt |
| 3:04 | Scout Tower |
| 3:05 | Scout Tower |
| 3:06 | Scout Tower |
| 3:07 | Scout Tower |
| 3:08 | Scout Tower |
| 3:09 | Scout Tower |
| 3:15 | Improved Masonry |
| 3:16 | Peasant |
| 3:16 | Peasant |
| 3:16 | Peasant |
| 3:35 | Guard Tower |
| 3:47 | Guard Tower |
| 3:56 | Peasant |
| 3:56 | Peasant |
| 3:59 | Peasant |
| 4:05 | Scout Tower |
| 4:05 | Scout Tower |
| 4:08 | Guard Tower |
| 4:12 | Scout Tower |
| 4:12 | Scout Tower |
| 4:13 | Scout Tower |
| 4:14 | Scout Tower |
| 4:40 | Guard Tower |
| 4:56 | Scout Tower |
| 4:58 | Guard Tower |
| 5:14 | Guard Tower |
| 5:21 | Peasant |
| 5:21 | Peasant |
| 5:27 | Scout Tower |
| 5:27 | Scout Tower |
| 5:29 | Scout Tower |
| 5:51 | Guard Tower |
| 6:08 | Keep |
| 6:17 | Guard Tower |
| 6:28 | Scout Tower |
| 6:29 | Scout Tower |
| 6:29 | Scout Tower |
| 6:59 | Guard Tower |
| 7:02 | Guard Tower |
| 7:04 | Scout Tower |
| 7:05 | Scout Tower |
| 7:06 | Scout Tower |
| 7:23 | Scout Tower |
| 7:24 | Scout Tower |
| 7:25 | Scout Tower |
| 7:26 | Scout Tower |
| 7:26 | Scout Tower |
| 7:36 | Scout Tower |
| 7:37 | Scout Tower |
| 7:38 | Scout Tower |
| 7:38 | Scout Tower |
| 7:39 | Scout Tower |
| 7:41 | Guard Tower |
| 8:08 | Scout Tower |
| 8:09 | Scout Tower |
| 8:09 | Scout Tower |
| 8:11 | Guard Tower |
| 8:28 | Improved Lumber Harvesting |
| 8:38 | Advanced Masonry |
| 8:52 | Guard Tower |
| 9:00 | Guard Tower |
| 9:05 | Scout Tower |
| 9:06 | Scout Tower |
| 9:07 | Scout Tower |
| 9:07 | Scout Tower |
| 9:08 | Scout Tower |
| 9:33 | Holy Light |
| 9:36 | Guard Tower |
| 9:43 | Scout Tower |
| 10:13 | Guard Tower |
| 10:23 | Scout Tower |
| 10:23 | Scout Tower |
| 10:44 | Scout Tower |
| 10:45 | Scout Tower |
| 10:45 | Scout Tower |
| 10:46 | Scout Tower |
| 10:46 | Scout Tower |
| 11:20 | Scout Tower |
| 11:21 | Scout Tower |
| 11:21 | Scout Tower |
| 11:29 | Guard Tower |
| 11:39 | Scout Tower |
| 12:04 | Scout Tower |
| 12:40 | Guard Tower |
| 12:52 | Lumber Mill |
| 13:08 | Scout Tower |
| 13:09 | Scout Tower |
| 13:10 | Scout Tower |
| 13:11 | Scout Tower |
| 13:12 | Scout Tower |
| 13:13 | Scout Tower |
| 13:14 | Scout Tower |
| 13:14 | Scout Tower |
| 13:15 | Scout Tower |
| 13:15 | Scout Tower |
| 13:16 | Scout Tower |
| 13:48 | Scout Tower |
| 13:48 | Scout Tower |
| 13:49 | Scout Tower |
| 13:49 | Scout Tower |
| 13:50 | Scout Tower |
| 13:50 | Scout Tower |
| 13:51 | Scout Tower |
| 13:52 | Scout Tower |
| 14:29 | Guard Tower |
| 15:01 | Guard Tower |
| 15:26 | Guard Tower |
| 15:49 | Guard Tower |
| 18:04 | Altar of Kings |
| 20:25 | Town Hall |
| 20:46 | Town Hall |
| 23:43 | Town Hall |
| 26:12 | Town Hall |
| 26:24 | Peasant |
| 26:24 | Peasant |
| 26:24 | Peasant |
| 26:25 | Peasant |
| 26:25 | Peasant |
| 26:58 | Peasant |
| 26:58 | Peasant |
| 28:37 | Peasant |
| 28:37 | Peasant |
| 28:44 | Peasant |
| 29:20 | Peasant |
| 29:20 | Peasant |
| 29:56 | Scout Tower |
| 30:17 | Scout Tower |
| 30:19 | Scout Tower |
| 30:19 | Scout Tower |
| 30:25 | Guard Tower |
| 30:37 | Scout Tower |
| 30:38 | Scout Tower |
| 30:43 | Scout Tower |
| 31:15 | Guard Tower |
| 31:25 | Guard Tower |
| 32:44 | Scout Tower |
| 32:44 | Scout Tower |
| 32:45 | Scout Tower |
| 33:19 | Town Hall |
| 34:16 | Peasant |
| 34:16 | Peasant |
| 34:25 | Guard Tower |
| 34:50 | Town Hall |
| 35:22 | Peasant |
| 36:11 | Peasant |
| 36:13 | Peasant |
| 36:28 | Town Hall |
| 36:33 | Peasant |
| 36:33 | Peasant |
| 36:41 | Scout Tower |
| 36:42 | Scout Tower |
| 36:43 | Scout Tower |
| 37:09 | Guard Tower |
| 37:17 | Peasant |
| 37:17 | Peasant |
| 37:27 | Peasant |
| 38:07 | Town Hall |
| 38:30 | Guard Tower |
| 38:36 | Scout Tower |
| 38:36 | Scout Tower |
| 38:37 | Scout Tower |
| 38:41 | Scout Tower |
| 38:41 | Scout Tower |
| 38:42 | Scout Tower |
| 39:40 | Town Hall |
| 39:53 | Guard Tower |
| 39:55 | Peasant |
| 39:55 | Peasant |
| 39:55 | Peasant |
| 40:58 | Guard Tower |
| 41:17 | Scout Tower |
| 41:17 | Scout Tower |
| 41:54 | Peasant |
| 41:54 | Peasant |
| 42:28 | Peasant |
| 42:28 | Peasant |
| 42:28 | Peasant |
| 43:18 | Guard Tower |
| 44:04 | Town Hall |
| 44:12 | Scout Tower |
| 44:16 | Scout Tower |
| 44:42 | Scout Tower |
| 44:44 | Scout Tower |
| 44:53 | Scout Tower |
| 45:42 | Guard Tower |
| 46:35 | Scout Tower |
| 46:35 | Scout Tower |
| 46:36 | Scout Tower |
| 48:02 | Town Hall |
| 50:05 | Scout Tower |
| 50:05 | Scout Tower |
| 50:06 | Scout Tower |
| 50:37 | Guard Tower |
| 51:02 | Guard Tower |
| 51:26 | Guard Tower |
| 51:34 | Keep |
| 52:12 | Town Hall |
| 52:42 | Town Hall |
| 53:38 | Town Hall |
| 54:32 | Scout Tower |
| 54:33 | Scout Tower |
| 54:33 | Scout Tower |
| 54:35 | Scout Tower |
| 54:35 | Scout Tower |
| 54:36 | Scout Tower |
| 54:59 | Farm |
| 55:00 | Farm |
| 55:01 | Farm |
| 55:36 | Guard Tower |
| 55:45 | Guard Tower |
| 55:52 | Peasant |
| 55:52 | Peasant |
| 55:52 | Peasant |
| 55:52 | Peasant |
| 55:53 | Peasant |
| 56:03 | Scout Tower |
| 56:04 | Scout Tower |
| 56:05 | Scout Tower |
| 56:08 | Guard Tower |
| 56:11 | Scout Tower |
| 56:12 | Scout Tower |
| 56:12 | Scout Tower |
| 56:39 | Guard Tower |
| 57:07 | Scout Tower |
| 57:07 | Scout Tower |
| 57:08 | Scout Tower |
| 57:08 | Scout Tower |
| 57:10 | Scout Tower |
| 57:10 | Scout Tower |
| 57:11 | Scout Tower |
| 57:19 | Guard Tower |
| 57:28 | Peasant |
| 57:28 | Peasant |
| 57:55 | Guard Tower |
| 58:59 | Guard Tower |
| 59:26 | Lumber Mill |
| 60:29 | Town Hall |
| 64:25 | Town Hall |
| 64:36 | Scout Tower |
| 64:37 | Scout Tower |
| 64:38 | Scout Tower |
| 64:39 | Scout Tower |
| 65:47 | Guard Tower |
| 65:57 | Guard Tower |
| 66:22 | Scout Tower |
| 66:22 | Scout Tower |
| 66:23 | Scout Tower |
| 66:24 | Scout Tower |
| 66:25 | Guard Tower |
| 66:50 | Guard Tower |
| 67:38 | Guard Tower |
| 67:40 | Guard Tower |
| 67:51 | Peasant |
| 67:51 | Peasant |
| 67:53 | Peasant |
| 68:19 | Guard Tower |
| 68:41 | Peasant |
| 68:53 | Town Hall |
| 69:06 | Peasant |
| 69:06 | Peasant |
| 69:06 | Peasant |
| 69:06 | Peasant |
| 70:39 | Town Hall |
| 70:46 | Peasant |
| 70:47 | Peasant |
| 72:39 | Peasant |
| 72:39 | Peasant |
| 72:39 | Peasant |
| 74:47 | Peasant |
| 74:47 | Peasant |
| 74:47 | Peasant |
| 74:48 | Peasant |
| Right click | 656 |
| Select | 534 |
| Build/train/purchase | 136 |
| Minimap ping | 99 |
| Resource trade | 62 |
| Use ability | 1 |


| Boots of Speed | 1 | 250 |
| Periapt of Vitality | 1 | 325 |
| Circlet of Nobility | 1 | 175 |
| Staff of Teleportation | 1 | 150 |
| Potion of Lesser Invulnerability | 1 | 150 |
| total: | 5 | 1050g |
| Peasant | 17 | 1275 | / | 0 |
| Flying Machine | 45 | 4500 | / | 1350 |
| Dragonhawk Rider | 23 | 4600 | / | 690 |
| total: | 85 | 10375g | / | 2040w |
| Scout Tower | 52 | 1560 | / | 1040 |
| Guard Tower | 17 | 1190 | / | 850 |
| Altar of Kings | 2 | 360 | / | 100 |
| Farm | 22 | 1760 | / | 440 |
| Town Hall | 1 | 385 | / | 205 |
| Lumber Mill | 4 | 480 | / | 0 |
| Blacksmith | 2 | 280 | / | 120 |
| Arcane Vault | 1 | 130 | / | 30 |
| Barracks | 1 | 160 | / | 60 |
| Cannon Tower | 1 | 120 | / | 100 |
| Workshop | 2 | 280 | / | 280 |
| Gryphon Aviary | 2 | 280 | / | 300 |
| Keep | 2 | 640 | / | 420 |
| Castle | 2 | 720 | / | 420 |
| total: | 89 | 5675g | / | 2575w |
| 0:03 | Peasant |
| 0:03 | Peasant |
| 0:03 | Peasant |
| 0:07 | Altar of Kings |
| 0:14 | Farm |
| 0:26 | Peasant |
| 0:26 | Peasant |
| 0:44 | Peasant |
| 0:55 | Farm |
| 0:57 | Peasant |
| 1:01 | Peasant |
| 1:01 | Peasant |
| 1:19 | Peasant |
| 1:19 | Peasant |
| 1:41 | Farm |
| 1:44 | Peasant |
| 1:55 | Peasant |
| 2:18 | Peasant |
| 2:18 | Peasant |
| 2:27 | Storm Bolt |
| 3:48 | Keep |
| 4:43 | Town Hall |
| 5:01 | Lumber Mill |
| 5:06 | Scout Tower |
| 5:06 | Scout Tower |
| 5:15 | Scout Tower |
| 5:26 | Scout Tower |
| 5:27 | Scout Tower |
| 5:54 | Guard Tower |
| 5:57 | Improved Masonry |
| 5:59 | Guard Tower |
| 6:01 | Guard Tower |
| 6:10 | Castle |
| 6:20 | Scout Tower |
| 6:38 | Improved Lumber Harvesting |
| 6:41 | Blacksmith |
| 7:00 | Advanced Masonry |
| 7:05 | Peasant |
| 7:06 | Peasant |
| 7:08 | Scout Tower |
| 7:31 | Blacksmith |
| 7:35 | Guard Tower |
| 7:45 | Holy Light |
| 7:52 | Workshop |
| 7:58 | Black Gunpowder |
| 8:09 | Workshop |
| 8:14 | Scout Tower |
| 8:14 | Scout Tower |
| 8:15 | Scout Tower |
| 8:17 | Iron Plating |
| 8:28 | Guard Tower |
| 8:34 | Scout Tower |
| 8:54 | Farm |
| 8:55 | Flying Machine |
| 8:56 | Flying Machine Bombs |
| 9:05 | Scout Tower |
| 9:07 | Guard Tower |
| 9:13 | Imbued Masonry |
| 9:16 | Flak Cannons |
| 9:18 | Flying Machine |
| 9:26 | Farm |
| 9:30 | Refined Gunpowder |
| 9:34 | Imbued Gunpowder |
| 9:40 | Farm |
| 9:41 | Farm |
| 9:46 | Scout Tower |
| 9:48 | Scout Tower |
| 9:48 | Scout Tower |
| 9:49 | Scout Tower |
| 9:50 | Scout Tower |
| 9:51 | Scout Tower |
| 9:51 | Scout Tower |
| 9:52 | Scout Tower |
| 9:54 | Scout Tower |
| 9:56 | Scout Tower |
| 9:57 | Scout Tower |
| 9:59 | Guard Tower |
| 10:02 | Flying Machine |
| 10:03 | Flying Machine |
| 10:03 | Flying Machine |
| 10:07 | Steel Plating |
| 10:13 | Guard Tower |
| 10:41 | Scout Tower |
| 10:42 | Scout Tower |
| 11:15 | Flying Machine |
| 11:15 | Flying Machine |
| 11:16 | Flying Machine |
| 11:50 | Flying Machine |
| 11:50 | Flying Machine |
| 11:50 | Flying Machine |
| 11:57 | Farm |
| 12:01 | Farm |
| 12:03 | Guard Tower |
| 12:07 | Mithril Plating |
| 12:52 | Flying Machine |
| 12:52 | Flying Machine |
| 12:52 | Flying Machine |
| 12:52 | Flying Machine |
| 12:52 | Flying Machine |
| 12:53 | Flying Machine |
| 12:53 | Flying Machine |
| 13:34 | Gryphon Aviary |
| 13:46 | Arcane Vault |
| 13:52 | Guard Tower |
| 14:08 | Flying Machine |
| 14:56 | Flying Machine |
| 14:58 | Cloud |
| 14:58 | Dragonhawk Rider |
| 14:58 | Dragonhawk Rider |
| 14:58 | Dragonhawk Rider |
| 15:38 | Flying Machine |
| 15:38 | Flying Machine |
| 16:35 | Farm |
| 16:36 | Farm |
| 17:13 | Dragonhawk Rider |
| 17:13 | Dragonhawk Rider |
| 18:16 | Farm |
| 18:20 | Farm |
| 18:25 | Farm |
| 18:28 | Farm |
| 18:53 | Farm |
| 19:05 | Lumber Mill |
| 20:44 | Flying Machine |
| 20:44 | Flying Machine |
| 20:52 | Farm |
| 21:16 | Storm Bolt |
| 21:20 | Divine Shield |
| 21:35 | Guard Tower |
| 23:16 | Holy Light |
| 24:49 | Bash |
| 26:01 | Flying Machine |
| 26:02 | Flying Machine |
| 26:02 | Flying Machine |
| 26:02 | Flying Machine |
| 26:02 | Flying Machine |
| 26:02 | Flying Machine |
| 26:02 | Flying Machine |
| 26:38 | Flying Machine |
| 26:38 | Flying Machine |
| 27:07 | Dragonhawk Rider |
| 27:07 | Dragonhawk Rider |
| 29:09 | Dragonhawk Rider |
| 29:10 | Dragonhawk Rider |
| 29:10 | Dragonhawk Rider |
| 29:34 | Flying Machine |
| 29:35 | Flying Machine |
| 29:35 | Flying Machine |
| 29:35 | Flying Machine |
| 29:35 | Flying Machine |
| 29:44 | Studded Leather Armor |
| 30:07 | Flying Machine |
| 30:07 | Flying Machine |
| 31:04 | Dragonhawk Rider |
| 32:20 | Flying Machine |
| 32:20 | Flying Machine |
| 32:20 | Flying Machine |
| 32:39 | Divine Shield |
| 35:03 | Dragonhawk Rider |
| 35:03 | Dragonhawk Rider |
| 37:13 | Storm Bolt |
| 37:35 | Keep |
| 39:42 | Divine Shield |
| 40:00 | Altar of Kings |
| 40:06 | Reinforced Leather Armor |
| 40:46 | Farm |
| 41:53 | Castle |
| 41:55 | Farm |
| 42:07 | Dragonhawk Rider |
| 42:11 | Flying Machine |
| 42:11 | Flying Machine |
| 43:12 | Barracks |
| 43:44 | Holy Light |
| 44:17 | Animal War Training |
| 44:18 | Dragonhide Armor |
| 47:43 | Dragonhawk Rider |
| 47:43 | Dragonhawk Rider |
| 47:44 | Dragonhawk Rider |
| 47:44 | Dragonhawk Rider |
| 47:45 | Dragonhawk Rider |
| 48:19 | Gryphon Aviary |
| 49:42 | Dragonhawk Rider |
| 51:09 | Iron Forged Swords |
| 52:52 | Steel Forged Swords |
| 55:14 | Scout Tower |
| 55:15 | Scout Tower |
| 55:16 | Scout Tower |
| 55:17 | Scout Tower |
| 55:25 | Scout Tower |
| 55:26 | Scout Tower |
| 55:29 | Scout Tower |
| 55:31 | Scout Tower |
| 55:32 | Scout Tower |
| 55:53 | Scout Tower |
| 55:59 | Guard Tower |
| 56:01 | Scout Tower |
| 56:05 | Scout Tower |
| 56:08 | Scout Tower |
| 56:09 | Scout Tower |
| 56:10 | Guard Tower |
| 56:13 | Scout Tower |
| 56:17 | Scout Tower |
| 56:40 | Guard Tower |
| 56:44 | Guard Tower |
| 56:46 | Scout Tower |
| 57:17 | Guard Tower |
| 57:20 | Scout Tower |
| 57:21 | Scout Tower |
| 57:22 | Scout Tower |
| 57:23 | Scout Tower |
| 57:25 | Scout Tower |
| 57:25 | Scout Tower |
| 57:31 | Scout Tower |
| 57:35 | Scout Tower |
| 57:38 | Scout Tower |
| 58:09 | Scout Tower |
| 58:18 | Guard Tower |
| 58:31 | Lumber Mill |
| 58:35 | Lumber Mill |
| 59:47 | Boots of Speed |
| 59:47 | Periapt of Vitality |
| 59:47 | Circlet of Nobility |
| 59:48 | Staff of Teleportation |
| 59:49 | Potion of Lesser Invulnerability |
| 60:02 | Cannon Tower |
| 61:57 | Barrage |
| 63:17 | Dragonhawk Rider |
| 63:30 | Resurrection |
| 65:33 | Avatar |
| 66:15 | Dragonhawk Rider |
| 66:15 | Dragonhawk Rider |
| 67:27 | Farm |
| 67:27 | Farm |
| 67:28 | Farm |
| 72:44 | Bash |
| Right click | 3954 |
| Select group | 2907 |
| Select | 682 |
| Use ability | 260 |
| Build/train/purchase | 169 |
| Minimap ping | 112 |
| Assign group | 47 |
| Resource trade | 17 |
| Misc. action | 9 |
| Remove unit | 2 |
Cabeelibob
(194)
(75:32) : 

| Healing Salve | 4 | 400 |
| Lesser Clarity Potion | 10 | 700 |
| Orb of Lightning | 1 | 375 |
| Staff of Teleportation | 1 | 150 |
| Boots of Speed | 1 | 250 |
| Periapt of Vitality | 1 | 325 |
| Potion of Lesser Invulnerability | 2 | 300 |
| total: | 20 | 2500g |
| Peon | 54 | 4050 | / | 0 |
| total: | 54 | 4050g | / | 0w |
| Watch Tower | 15 | 1650 | / | 1200 |
| Altar of Storms | 2 | 360 | / | 100 |
| Orc Burrow | 7 | 1120 | / | 280 |
| War Mill | 4 | 820 | / | 0 |
| Voodoo Lounge | 4 | 520 | / | 120 |
| Great Hall | 15 | 5775 | / | 2775 |
| Stronghold | 2 | 630 | / | 380 |
| Fortress | 2 | 650 | / | 380 |
| total: | 47 | 10245g | / | 4475w |
| 0:04 | Altar of Storms |
| 0:11 | Orc Burrow |
| 0:13 | Peon |
| 0:18 | Peon |
| 0:30 | Peon |
| 0:39 | Peon |
| 1:01 | Peon |
| 1:06 | Orc Burrow |
| 1:10 | Peon |
| 1:26 | War Mill |
| 1:39 | Peon |
| 2:02 | Orc Burrow |
| 2:04 | Peon |
| 2:09 | Wind Walk |
| 2:21 | Peon |
| 2:38 | Peon |
| 2:38 | Peon |
| 2:40 | Spiked Barricades |
| 3:35 | Peon |
| 3:35 | Peon |
| 3:42 | Voodoo Lounge |
| 3:57 | Watch Tower |
| 3:57 | Watch Tower |
| 4:00 | Watch Tower |
| 4:03 | Watch Tower |
| 4:04 | Watch Tower |
| 5:07 | Watch Tower |
| 5:08 | Watch Tower |
| 5:11 | Stronghold |
| 6:00 | Healing Salve |
| 6:01 | Lesser Clarity Potion |
| 6:24 | Watch Tower |
| 7:25 | Voodoo Lounge |
| 7:28 | Voodoo Lounge |
| 7:38 | Fortress |
| 7:43 | Reinforced Defenses |
| 8:47 | Staff of Teleportation |
| 8:47 | Boots of Speed |
| 8:48 | Periapt of Vitality |
| 8:50 | Critical Strike |
| 10:48 | Orb of Lightning |
| 11:38 | Critical Strike |
| 11:51 | Altar of Storms |
| 12:03 | Endurance Aura |
| 12:17 | Orc Burrow |
| 12:22 | War Mill |
| 13:05 | War Mill |
| 13:16 | Lesser Clarity Potion |
| 13:24 | Great Hall |
| 16:03 | Wind Walk |
| 17:52 | Orc Burrow |
| 17:53 | Orc Burrow |
| 18:38 | War Stomp |
| 19:03 | Peon |
| 19:03 | Peon |
| 19:03 | Peon |
| 19:03 | Peon |
| 19:32 | Great Hall |
| 20:13 | Voodoo Lounge |
| 22:03 | Critical Strike |
| 22:10 | Healing Salve |
| 22:14 | Healing Salve |
| 22:20 | Lesser Clarity Potion |
| 22:36 | Peon |
| 22:36 | Peon |
| 22:36 | Peon |
| 22:36 | Peon |
| 23:44 | Peon |
| 23:45 | Peon |
| 23:45 | Peon |
| 23:45 | Peon |
| 25:29 | War Stomp |
| 25:49 | Lesser Clarity Potion |
| 26:36 | Lesser Clarity Potion |
| 28:52 | Bladestorm |
| 29:27 | Great Hall |
| 30:03 | Watch Tower |
| 30:04 | Watch Tower |
| 30:05 | Watch Tower |
| 30:07 | Watch Tower |
| 32:17 | Healing Salve |
| 32:19 | Lesser Clarity Potion |
| 32:35 | Watch Tower |
| 34:49 | Wind Walk |
| 35:16 | Great Hall |
| 37:18 | Great Hall |
| 38:00 | Peon |
| 38:00 | Peon |
| 38:01 | Peon |
| 38:01 | Peon |
| 38:01 | Peon |
| 39:05 | Great Hall |
| 42:26 | Mirror Image |
| 42:38 | Lesser Clarity Potion |
| 43:26 | Great Hall |
| 44:39 | Potion of Lesser Invulnerability |
| 45:10 | Stronghold |
| 45:30 | Lesser Clarity Potion |
| 46:42 | Watch Tower |
| 47:34 | Mirror Image |
| 48:00 | Watch Tower |
| 48:12 | Lesser Clarity Potion |
| 48:16 | Fortress |
| 48:48 | Peon |
| 48:48 | Peon |
| 48:48 | Peon |
| 48:48 | Peon |
| 49:20 | Endurance Aura |
| 51:34 | Great Hall |
| 52:22 | Backpack |
| 52:28 | Improved Spiked Barricades |
| 52:35 | Great Hall |
| 53:00 | Great Hall |
| 54:27 | Great Hall |
| 55:07 | Peon |
| 55:07 | Peon |
| 55:07 | Peon |
| 55:07 | Peon |
| 55:09 | Peon |
| 56:35 | Peon |
| 56:35 | Peon |
| 56:35 | Peon |
| 56:35 | Peon |
| 57:44 | Peon |
| 57:44 | Peon |
| 57:44 | Peon |
| 57:45 | Peon |
| 60:07 | War Mill |
| 63:28 | Mirror Image |
| 64:27 | Orc Burrow |
| 65:56 | Great Hall |
| 67:04 | Great Hall |
| 69:02 | Great Hall |
| 69:33 | Potion of Lesser Invulnerability |
| 72:07 | Peon |
| 72:07 | Peon |
| 72:08 | Peon |
| 72:08 | Peon |
| 72:32 | Great Hall |
| 74:01 | Lesser Clarity Potion |
| 75:31 | Peon |
| 75:31 | Peon |
| 75:31 | Peon |
| Right click | 2082 |
| Select | 368 |
| Select group | 365 |
| Misc. action | 330 |
| Build/train/purchase | 200 |
| Resource trade | 111 |
| Use ability | 31 |
| Minimap ping | 28 |
| Remove unit | 8 |
| Chat | 7 |
| Item give/drop | 5 |
| Assign group | 1 |
501 units @ 63k
/ 8.8k
144 buildings @ 26.7k
/ 14.2k
gilroy08
(3)
(75:23) : 


| Potion of Healing | 4 | 600 |
| Orb of Venom | 3 | 975 |
| Scroll of Town Portal | 4 | 1400 |
| total: | 11 | 2975g |
| Wisp | 61 | 3660 | / | 0 |
| Archer | 18 | 2340 | / | 180 |
| Hippogryph | 34 | 5440 | / | 680 |
| Glaive Thrower | 2 | 420 | / | 130 |
| Chimaera | 6 | 1980 | / | 420 |
| Druid of the Talon | 1 | 145 | / | 20 |
| total: | 122 | 13985g | / | 1430w |
| Ancient Protector | 22 | 2970 | / | 1760 |
| Moon Well | 8 | 1440 | / | 320 |
| Altar of Elders | 1 | 180 | / | 50 |
| Ancient of War | 2 | 300 | / | 120 |
| Ancient of Wonders | 1 | 90 | / | 30 |
| Hunter's Hall | 1 | 210 | / | 100 |
| Tree of Life | 9 | 3060 | / | 1665 |
| Ancient of Wind | 2 | 300 | / | 280 |
| Ancient of Lore | 2 | 310 | / | 290 |
| Chimaera Roost | 7 | 980 | / | 1330 |
| Tree of Ages | 1 | 320 | / | 180 |
| Tree of Eternity | 1 | 330 | / | 200 |
| total: | 55 | 9840g | / | 5945w |
| 0:04 | Wisp |
| 0:04 | Wisp |
| 0:04 | Wisp |
| 0:05 | Wisp |
| 0:21 | Moon Well |
| 0:23 | Wisp |
| 0:34 | Altar of Elders |
| 0:41 | Wisp |
| 0:41 | Wisp |
| 1:14 | Ancient of War |
| 1:20 | Wisp |
| 1:21 | Wisp |
| 1:32 | Moon Well |
| 1:39 | Wisp |
| 1:57 | Moon Well |
| 1:59 | Wisp |
| 2:10 | Ancient of Wonders |
| 2:19 | Archer |
| 2:21 | Archer |
| 2:37 | Fan of Knives |
| 2:46 | Archer |
| 2:49 | Wisp |
| 3:02 | Hunter's Hall |
| 3:39 | Tree of Life |
| 3:47 | Archer |
| 4:18 | Blink |
| 4:27 | Ancient Protector |
| 4:29 | Archer |
| 4:34 | Archer |
| 4:51 | Wisp |
| 4:51 | Wisp |
| 4:56 | Ancient Protector |
| 5:07 | Moon Well |
| 5:40 | Tree of Ages |
| 6:24 | Tree of Life |
| 6:27 | Archer |
| 6:31 | Wisp |
| 6:32 | Wisp |
| 6:39 | Fan of Knives |
| 7:08 | Wisp |
| 7:08 | Wisp |
| 7:09 | Wisp |
| 7:17 | Ancient of War |
| 7:26 | Ancient Protector |
| 7:49 | Archer |
| 7:50 | Archer |
| 7:52 | Strength of the Moon |
| 7:52 | Moon Armor |
| 8:09 | Ancient of Wind |
| 8:11 | Ancient of Wind |
| 8:16 | Wisp |
| 8:16 | Wisp |
| 8:17 | Wisp |
| 8:17 | Wisp |
| 8:19 | Wisp |
| 9:06 | Moon Well |
| 9:08 | Moon Well |
| 9:13 | Ancient Protector |
| 9:17 | Hippogryph |
| 9:17 | Hippogryph |
| 9:29 | Wisp |
| 9:30 | Wisp |
| 9:30 | Wisp |
| 9:34 | Wisp |
| 9:38 | Wisp |
| 9:55 | Healing Spray |
| 9:58 | Hippogryph |
| 10:01 | Hippogryph |
| 10:21 | Tree of Eternity |
| 10:29 | Hippogryph |
| 11:02 | Ancient Protector |
| 11:26 | Improved Strength of the Moon |
| 11:36 | Hippogryph |
| 11:37 | Hippogryph |
| 11:38 | Hippogryph |
| 12:15 | Wisp |
| 12:15 | Wisp |
| 12:15 | Wisp |
| 12:23 | Wisp |
| 12:24 | Wisp |
| 12:44 | Blink |
| 13:27 | Chemical Rage |
| 13:54 | Advanced Strength of the Moon |
| 13:55 | Improved Moon Armor |
| 13:57 | Marksmanship |
| 13:59 | Improved Bows |
| 14:04 | Archer |
| 15:43 | Ancient Protector |
| 17:32 | Healing Spray |
| 17:50 | Fan of Knives |
| 17:51 | Scroll of Town Portal |
| 17:52 | Scroll of Town Portal |
| 18:29 | Hippogryph |
| 18:29 | Hippogryph |
| 18:30 | Hippogryph |
| 18:33 | Archer |
| 18:33 | Archer |
| 18:33 | Archer |
| 18:33 | Archer |
| 18:34 | Archer |
| 18:34 | Archer |
| 18:36 | Advanced Moon Armor |
| 18:37 | Well Spring |
| 18:44 | Ancient Protector |
| 18:48 | Ancient Protector |
| 18:51 | Ancient Protector |
| 18:58 | Ancient of Lore |
| 19:01 | Ancient of Lore |
| 19:03 | Wisp |
| 19:03 | Wisp |
| 19:04 | Wisp |
| 19:04 | Wisp |
| 19:05 | Nature's Blessing |
| 19:11 | Potion of Healing |
| 19:16 | Orb of Venom |
| 19:17 | Potion of Healing |
| 20:26 | Tree of Life |
| 21:13 | Trueshot Aura |
| 21:20 | Scroll of Town Portal |
| 21:20 | Orb of Venom |
| 21:21 | Potion of Healing |
| 21:22 | Potion of Healing |
| 21:36 | Tree of Life |
| 21:45 | Tree of Life |
| 21:51 | Tree of Life |
| 23:45 | Wisp |
| 23:45 | Wisp |
| 23:46 | Wisp |
| 23:46 | Wisp |
| 23:46 | Wisp |
| 23:53 | Tree of Life |
| 24:51 | Wisp |
| 24:51 | Wisp |
| 24:51 | Wisp |
| 24:52 | Wisp |
| 24:52 | Wisp |
| 24:56 | Wisp |
| 24:56 | Wisp |
| 24:57 | Wisp |
| 24:57 | Wisp |
| 24:57 | Wisp |
| 25:05 | Abolish Magic |
| 25:08 | Hardened Skin |
| 25:08 | Resistant Skin |
| 25:34 | Chemical Rage |
| 25:56 | Strength of the Wild |
| 25:56 | Reinforced Hides |
| 25:57 | Ultravision |
| 25:59 | Backpack |
| 26:02 | Druid of the Talon Adept Training |
| 26:30 | Druid of the Claw Adept Training |
| 26:37 | Wisp |
| 26:37 | Wisp |
| 26:37 | Wisp |
| 26:38 | Wisp |
| 26:38 | Wisp |
| 26:51 | Chimaera Roost |
| 26:54 | Chimaera Roost |
| 26:57 | Chimaera Roost |
| 27:30 | Scout |
| 28:12 | Moon Glaive |
| 28:13 | Sentinel |
| 28:14 | Vorpal Blades |
| 29:18 | Druid of the Claw Master Training |
| 29:20 | Druid of the Talon Master Training |
| 29:21 | Improved Strength of the Wild |
| 29:22 | Improved Reinforced Hides |
| 29:25 | Corrosive Breath |
| 32:22 | Tree of Life |
| 34:04 | Ancient Protector |
| 34:33 | Trueshot Aura |
| 37:00 | Mark of the Claw |
| 37:02 | Mark of the Talon |
| 37:06 | Advanced Strength of the Wild |
| 37:06 | Advanced Reinforced Hides |
| 37:36 | Wisp |
| 37:44 | Hippogryph |
| 37:45 | Hippogryph |
| 37:47 | Hippogryph |
| 37:48 | Hippogryph |
| 38:21 | Ancient Protector |
| 40:37 | Orb of Venom |
| 40:44 | Scroll of Town Portal |
| 41:52 | Chimaera Roost |
| 41:54 | Chimaera Roost |
| 41:57 | Chimaera Roost |
| 42:00 | Chimaera Roost |
| 42:42 | Glaive Thrower |
| 42:42 | Glaive Thrower |
| 42:47 | Hippogryph |
| 42:48 | Hippogryph |
| 42:48 | Hippogryph |
| 42:49 | Hippogryph |
| 42:50 | Hippogryph |
| 42:51 | Hippogryph |
| 45:24 | Spirit of Vengeance |
| 45:44 | Tree of Life |
| 48:13 | Ancient Protector |
| 48:16 | Ancient Protector |
| 48:17 | Ancient Protector |
| 48:20 | Ancient Protector |
| 48:24 | Ancient Protector |
| 48:28 | Hippogryph |
| 48:29 | Hippogryph |
| 48:29 | Hippogryph |
| 48:35 | Hippogryph |
| 48:35 | Hippogryph |
| 48:36 | Hippogryph |
| 48:44 | Wisp |
| 48:44 | Wisp |
| 49:19 | Healing Spray |
| 49:33 | Chimaera |
| 49:35 | Chimaera |
| 51:12 | Druid of the Talon |
| 51:50 | Archer |
| 51:52 | Archer |
| 54:10 | Searing Arrows |
| 56:10 | Ancient Protector |
| 56:13 | Ancient Protector |
| 56:14 | Ancient Protector |
| 56:15 | Ancient Protector |
| 56:20 | Ancient Protector |
| 59:59 | Moon Well |
| 60:04 | Moon Well |
| 61:50 | Ancient Protector |
| 62:53 | Chimaera |
| 67:25 | Chimaera |
| 69:00 | Trueshot Aura |
| 72:32 | Shadow Strike |
| 72:58 | Hippogryph |
| 72:58 | Hippogryph |
| 72:59 | Hippogryph |
| 72:59 | Hippogryph |
| 72:59 | Hippogryph |
| 73:00 | Hippogryph |
| 73:00 | Hippogryph |
| 73:12 | Transmute |
| 75:02 | Starfall |
| 75:17 | Chimaera |
| 75:18 | Chimaera |
| Right click | 802 |
| Select | 471 |
| Build/train/purchase | 274 |
| Select group | 153 |
| Resource trade | 65 |
| Use ability | 53 |
| Assign group | 24 |
| Remove unit | 11 |
| Item give/drop | 7 |
| Minimap ping | 5 |


| Healing Salve | 1 | 100 |
| Scroll of Speed | 2 | 100 |
| Tiny Great Hall | 2 | 1200 |
| Orb of Lightning | 1 | 375 |
| Scroll of Town Portal | 3 | 1050 |
| total: | 9 | 2825g |
| Peon | 52 | 3900 | / | 0 |
| Troll Headhunter | 11 | 1540 | / | 220 |
| Demolisher | 10 | 2200 | / | 500 |
| Shaman | 3 | 390 | / | 60 |
| Troll Berserker | 26 | 3640 | / | 520 |
| Troll Witch Doctor | 9 | 1305 | / | 225 |
| total: | 111 | 12975g | / | 1525w |
| Watch Tower | 7 | 770 | / | 560 |
| Orc Burrow | 6 | 960 | / | 240 |
| Altar of Storms | 1 | 180 | / | 50 |
| Barracks | 2 | 360 | / | 100 |
| War Mill | 1 | 205 | / | 0 |
| Voodoo Lounge | 1 | 130 | / | 30 |
| Great Hall | 5 | 1925 | / | 925 |
| Spirit Lodge | 1 | 150 | / | 150 |
| Stronghold | 3 | 945 | / | 570 |
| Fortress | 2 | 650 | / | 380 |
| total: | 24 | 4680g | / | 2055w |
| 0:04 | Peon |
| 0:04 | Peon |
| 0:05 | Peon |
| 0:24 | Orc Burrow |
| 0:41 | Altar of Storms |
| 0:58 | Barracks |
| 1:00 | Peon |
| 1:02 | Peon |
| 1:10 | War Mill |
| 1:22 | Peon |
| 1:37 | Peon |
| 1:55 | Orc Burrow |
| 2:11 | Voodoo Lounge |
| 2:23 | Peon |
| 2:26 | Troll Headhunter |
| 2:43 | War Stomp |
| 2:49 | Troll Headhunter |
| 3:13 | Troll Headhunter |
| 3:19 | Peon |
| 3:34 | Troll Headhunter |
| 3:42 | Stronghold |
| 3:50 | Troll Headhunter |
| 4:21 | Orc Burrow |
| 4:23 | Steel Ranged Weapons |
| 5:25 | Barracks |
| 5:30 | Endurance Aura |
| 6:47 | Troll Regeneration |
| 6:48 | Troll Headhunter |
| 6:48 | Troll Headhunter |
| 7:27 | Spirit Lodge |
| 7:39 | Feral Spirit |
| 7:46 | Troll Headhunter |
| 7:48 | Fortress |
| 7:52 | Healing Salve |
| 8:00 | Scroll of Speed |
| 8:15 | Troll Headhunter |
| 8:21 | Troll Headhunter |
| 8:50 | Great Hall |
| 9:07 | Orc Burrow |
| 9:11 | Shaman Adept Training |
| 9:13 | Steel Armor |
| 10:36 | Burning Oil |
| 10:37 | Demolisher |
| 11:38 | Demolisher |
| 11:43 | Shaman Master Training |
| 11:44 | Shaman |
| 11:47 | Orc Burrow |
| 11:52 | Berserker Upgrade |
| 11:52 | Troll Headhunter |
| 11:58 | Endurance Aura |
| 12:51 | Shaman |
| 12:56 | Demolisher |
| 13:01 | Troll Berserker |
| 13:01 | Troll Berserker |
| 13:06 | Peon |
| 13:06 | Peon |
| 13:06 | Peon |
| 13:06 | Peon |
| 13:08 | Peon |
| 13:37 | Troll Berserker |
| 13:45 | Orc Burrow |
| 15:19 | Chain Lighting |
| 17:24 | Peon |
| 17:24 | Peon |
| 17:24 | Peon |
| 17:24 | Peon |
| 17:25 | Peon |
| 18:45 | Stronghold |
| 18:56 | Peon |
| 18:56 | Peon |
| 18:57 | Peon |
| 18:57 | Peon |
| 18:57 | Peon |
| 18:57 | Peon |
| 18:57 | Peon |
| 22:52 | Tiny Great Hall |
| 22:55 | Scroll of Speed |
| 25:00 | Peon |
| 25:01 | Peon |
| 25:01 | Peon |
| 25:01 | Peon |
| 25:02 | Peon |
| 25:35 | Shockwave |
| 25:46 | Peon |
| 25:47 | Peon |
| 26:28 | Peon |
| 26:28 | Peon |
| 26:28 | Peon |
| 26:29 | Peon |
| 26:29 | Peon |
| 26:29 | Peon |
| 26:51 | Peon |
| 26:52 | Peon |
| 27:32 | Peon |
| 27:42 | Watch Tower |
| 27:59 | Watch Tower |
| 28:04 | Peon |
| 28:09 | Spiked Barricades |
| 28:24 | Witch Doctor Adept Training |
| 28:25 | Troll Witch Doctor |
| 28:47 | Watch Tower |
| 28:53 | Watch Tower |
| 28:58 | Watch Tower |
| 29:00 | Peon |
| 29:00 | Peon |
| 29:05 | Watch Tower |
| 29:51 | Stronghold |
| 32:11 | Great Hall |
| 32:15 | Peon |
| 32:15 | Peon |
| 32:16 | Peon |
| 32:26 | Watch Tower |
| 32:30 | Fortress |
| 32:38 | Reinforced Defenses |
| 32:42 | Scroll of Town Portal |
| 33:17 | Troll Berserker |
| 33:17 | Troll Berserker |
| 33:18 | Troll Berserker |
| 34:39 | Great Hall |
| 34:55 | Troll Berserker |
| 35:02 | Witch Doctor Master Training |
| 35:30 | Orb of Lightning |
| 35:34 | Troll Berserker |
| 35:34 | Troll Berserker |
| 35:34 | Troll Berserker |
| 36:14 | Troll Witch Doctor |
| 36:14 | Troll Witch Doctor |
| 36:15 | Troll Witch Doctor |
| 38:17 | Scroll of Town Portal |
| 38:42 | Scroll of Town Portal |
| 38:47 | Troll Berserker |
| 42:14 | Demolisher |
| 42:14 | Demolisher |
| 42:14 | Demolisher |
| 43:22 | Troll Berserker |
| 43:24 | Troll Berserker |
| 43:26 | Troll Berserker |
| 43:26 | Troll Berserker |
| 44:08 | Troll Berserker |
| 44:50 | Demolisher |
| 45:34 | Troll Witch Doctor |
| 50:29 | Demolisher |
| 52:33 | Tiny Great Hall |
| 53:54 | Peon |
| 53:54 | Peon |
| 53:55 | Peon |
| 53:55 | Peon |
| 59:54 | Troll Berserker |
| 59:54 | Troll Berserker |
| 59:54 | Troll Berserker |
| 59:54 | Troll Berserker |
| 59:55 | Troll Berserker |
| 60:52 | Endurance Aura |
| 61:57 | Troll Berserker |
| 61:59 | Troll Berserker |
| 66:42 | Troll Witch Doctor |
| 66:43 | Troll Witch Doctor |
| 66:43 | Troll Witch Doctor |
| 66:50 | Demolisher |
| 66:51 | Demolisher |
| 66:52 | Troll Berserker |
| 66:53 | Troll Berserker |
| 68:07 | Troll Witch Doctor |
| 68:11 | Shaman |
| 68:16 | Troll Berserker |
| 69:14 | Great Hall |
| 73:05 | Great Hall |
| Right click | 1580 |
| Select | 655 |
| Build/train/purchase | 191 |
| Minimap ping | 45 |
| Select group | 29 |
| Use ability | 20 |
| Assign group | 12 |
| Remove unit | 11 |
| Chat | 6 |
| Misc. action | 1 |
| Item give/drop | 1 |


| Healing Salve | 2 | 200 |
| Orb of Lightning | 1 | 375 |
| Lesser Clarity Potion | 2 | 140 |
| Potion of Mana | 2 | 400 |
| Boots of Speed | 1 | 250 |
| total: | 8 | 1365g |
| Peon | 46 | 3450 | / | 0 |
| Grunt | 4 | 800 | / | 0 |
| Tauren | 6 | 1680 | / | 480 |
| Shaman | 2 | 260 | / | 40 |
| Kodo Beast | 2 | 510 | / | 120 |
| Troll Witch Doctor | 7 | 1015 | / | 175 |
| Troll Batrider | 72 | 11520 | / | 2880 |
| Demolisher | 5 | 1100 | / | 250 |
| total: | 144 | 20335g | / | 3945w |
| Watch Tower | 6 | 660 | / | 480 |
| Altar of Storms | 1 | 180 | / | 50 |
| Orc Burrow | 8 | 1280 | / | 320 |
| Barracks | 1 | 180 | / | 50 |
| Voodoo Lounge | 1 | 130 | / | 30 |
| Great Hall | 5 | 1925 | / | 925 |
| War Mill | 1 | 205 | / | 0 |
| Spirit Lodge | 1 | 150 | / | 150 |
| Tauren Totem | 1 | 135 | / | 155 |
| Beastiary | 3 | 435 | / | 420 |
| Stronghold | 2 | 630 | / | 380 |
| Fortress | 2 | 650 | / | 380 |
| total: | 28 | 5280g | / | 2580w |
| 0:06 | Peon |
| 0:10 | Altar of Storms |
| 0:12 | Orc Burrow |
| 0:25 | Barracks |
| 0:34 | Peon |
| 0:34 | Peon |
| 0:49 | Peon |
| 0:49 | Peon |
| 1:26 | Grunt |
| 1:34 | Orc Burrow |
| 1:58 | Grunt |
| 2:04 | Voodoo Lounge |
| 2:11 | Critical Strike |
| 2:17 | Peon |
| 2:17 | Peon |
| 2:17 | Peon |
| 2:25 | Peon |
| 2:42 | Peon |
| 2:52 | Grunt |
| 3:08 | Peon |
| 3:41 | Great Hall |
| 3:52 | Peon |
| 3:58 | Wind Walk |
| 4:31 | Stronghold |
| 4:33 | Grunt |
| 4:49 | War Mill |
| 5:14 | Orc Burrow |
| 6:13 | Healing Salve |
| 6:21 | Peon |
| 6:22 | Peon |
| 6:22 | Peon |
| 6:22 | Peon |
| 6:52 | Fortress |
| 6:55 | Spirit Lodge |
| 6:58 | Tauren Totem |
| 7:16 | Orc Burrow |
| 8:12 | Peon |
| 8:12 | Peon |
| 8:13 | Peon |
| 8:13 | Peon |
| 8:23 | Shaman Adept Training |
| 8:30 | Healing Wave |
| 8:32 | Critical Strike |
| 8:39 | Orc Burrow |
| 9:16 | Tauren |
| 9:16 | Tauren |
| 9:24 | Shaman Master Training |
| 9:25 | Shaman |
| 9:25 | Shaman |
| 10:10 | Hex |
| 10:20 | Tauren |
| 10:23 | Reinforced Defenses |
| 10:29 | Orc Burrow |
| 11:09 | Tauren |
| 11:09 | Pulverize |
| 11:13 | Steel Armor |
| 11:35 | Steel Melee Weapons |
| 12:10 | Wind Walk |
| 12:18 | Beastiary |
| 12:27 | Orb of Lightning |
| 12:33 | Lesser Clarity Potion |
| 12:33 | Lesser Clarity Potion |
| 12:34 | Potion of Mana |
| 12:34 | Potion of Mana |
| 12:41 | Healing Salve |
| 12:47 | Witch Doctor Adept Training |
| 12:49 | Tauren |
| 13:05 | Thorium Armor |
| 13:21 | Kodo Beast |
| 13:21 | War Drums Damage Increase |
| 13:54 | Healing Wave |
| 14:09 | Tauren |
| 14:11 | Witch Doctor Master Training |
| 14:12 | Troll Witch Doctor |
| 14:12 | Troll Witch Doctor |
| 15:56 | Watch Tower |
| 15:57 | Watch Tower |
| 15:58 | Watch Tower |
| 15:59 | Watch Tower |
| 16:00 | Watch Tower |
| 16:01 | Watch Tower |
| 16:37 | Stronghold |
| 16:55 | Great Hall |
| 17:24 | Great Hall |
| 19:02 | Fortress |
| 19:11 | Troll Batrider |
| 19:11 | Troll Batrider |
| 19:12 | Troll Batrider |
| 19:12 | Troll Batrider |
| 19:12 | Troll Batrider |
| 19:13 | Troll Batrider |
| 19:14 | Troll Batrider |
| 19:17 | Thorium Melee Weapons |
| 19:26 | Boots of Speed |
| 19:32 | Troll Witch Doctor |
| 19:32 | Troll Witch Doctor |
| 19:32 | Troll Witch Doctor |
| 19:32 | Troll Witch Doctor |
| 19:33 | Troll Witch Doctor |
| 20:07 | Demolisher |
| 20:08 | Demolisher |
| 20:08 | Demolisher |
| 20:59 | Kodo Beast |
| 21:00 | Troll Batrider |
| 21:33 | Troll Batrider |
| 21:55 | Burning Oil |
| 21:57 | Troll Batrider |
| 22:14 | Demolisher |
| 22:33 | Troll Batrider |
| 22:47 | Demolisher |
| 23:24 | Orc Burrow |
| 23:25 | Orc Burrow |
| 24:49 | Beastiary |
| 25:00 | Troll Batrider |
| 25:57 | Troll Batrider |
| 25:57 | Troll Batrider |
| 26:29 | Troll Batrider |
| 26:45 | Great Hall |
| 26:57 | Troll Batrider |
| 26:57 | Troll Batrider |
| 27:55 | Great Hall |
| 28:00 | Troll Batrider |
| 28:45 | Troll Batrider |
| 30:20 | Liquid Fire |
| 30:45 | Troll Batrider |
| 31:10 | Troll Batrider |
| 31:58 | Troll Batrider |
| 31:58 | Troll Batrider |
| 31:58 | Troll Batrider |
| 32:19 | Troll Batrider |
| 32:20 | Troll Batrider |
| 32:23 | Arcanite Armor |
| 32:26 | Steel Ranged Weapons |
| 32:55 | Beastiary |
| 33:22 | Troll Batrider |
| 33:24 | Troll Batrider |
| 33:43 | Peon |
| 33:43 | Peon |
| 33:44 | Peon |
| 33:44 | Peon |
| 33:46 | Peon |
| 34:02 | Troll Batrider |
| 34:02 | Troll Batrider |
| 34:21 | Troll Batrider |
| 34:22 | Troll Batrider |
| 34:37 | Troll Batrider |
| 34:48 | Troll Batrider |
| 34:48 | Troll Batrider |
| 34:48 | Troll Batrider |
| 35:05 | Troll Batrider |
| 35:17 | Troll Batrider |
| 35:26 | Troll Batrider |
| 35:39 | Troll Batrider |
| 35:41 | Troll Batrider |
| 35:42 | Troll Batrider |
| 36:00 | Troll Batrider |
| 36:02 | Troll Batrider |
| 36:39 | Troll Batrider |
| 37:02 | Peon |
| 37:03 | Peon |
| 37:03 | Peon |
| 37:03 | Peon |
| 37:03 | Peon |
| 39:40 | Peon |
| 39:40 | Peon |
| 39:41 | Peon |
| 39:41 | Peon |
| 39:42 | Peon |
| 39:48 | Troll Batrider |
| 39:48 | Troll Batrider |
| 39:49 | Troll Batrider |
| 40:25 | Troll Batrider |
| 40:47 | Troll Batrider |
| 40:52 | Peon |
| 40:52 | Peon |
| 40:52 | Peon |
| 41:22 | Troll Batrider |
| 41:29 | Peon |
| 41:29 | Peon |
| 41:56 | Troll Batrider |
| 42:25 | Troll Batrider |
| 43:57 | Troll Batrider |
| 43:58 | Troll Batrider |
| 43:58 | Troll Batrider |
| 44:02 | Peon |
| 44:02 | Peon |
| 44:04 | Peon |
| 44:11 | Peon |
| 44:11 | Peon |
| 44:12 | Peon |
| 44:47 | Troll Batrider |
| 44:48 | Troll Batrider |
| 45:25 | Troll Batrider |
| 45:25 | Troll Batrider |
| 45:58 | Troll Batrider |
| 46:42 | Troll Batrider |
| 48:16 | Troll Batrider |
| 49:56 | Troll Batrider |
| 49:56 | Troll Batrider |
| 49:56 | Troll Batrider |
| 49:56 | Troll Batrider |
| 50:20 | Troll Batrider |
| 50:20 | Troll Batrider |
| 50:47 | Troll Batrider |
| 52:06 | Troll Batrider |
| 52:06 | Troll Batrider |
| Select group | 1364 |
| Right click | 858 |
| Select | 717 |
| Misc. action | 272 |
| Build/train/purchase | 202 |
| Use ability | 133 |
| Assign group | 91 |
| Minimap ping | 61 |
| Resource trade | 20 |
| Esc | 4 |
| Chat | 4 |
| Item give/drop | 3 |


| Orb of Venom | 1 | 325 |
| Scroll of Town Portal | 1 | 350 |
| Boots of Speed | 1 | 250 |
| total: | 3 | 925g |
| Wisp | 65 | 3900 | / | 0 |
| Archer | 7 | 910 | / | 70 |
| Chimaera | 15 | 4950 | / | 1050 |
| Hippogryph | 37 | 5920 | / | 740 |
| total: | 124 | 15680g | / | 1860w |
| Ancient Protector | 15 | 2025 | / | 1200 |
| Altar of Elders | 1 | 180 | / | 50 |
| Moon Well | 7 | 1260 | / | 280 |
| Ancient of War | 2 | 300 | / | 120 |
| Hunter's Hall | 1 | 210 | / | 100 |
| Tree of Life | 7 | 2380 | / | 1295 |
| Ancient of Wonders | 1 | 90 | / | 30 |
| Ancient of Wind | 1 | 150 | / | 140 |
| Chimaera Roost | 2 | 280 | / | 380 |
| Tree of Ages | 4 | 1280 | / | 720 |
| Tree of Eternity | 3 | 990 | / | 600 |
| total: | 37 | 6875g | / | 3595w |
| 0:02 | Wisp |
| 0:11 | Altar of Elders |
| 0:14 | Wisp |
| 0:17 | Moon Well |
| 0:26 | Wisp |
| 0:32 | Ancient of War |
| 0:36 | Wisp |
| 0:53 | Wisp |
| 1:14 | Wisp |
| 1:15 | Wisp |
| 1:31 | Moon Well |
| 1:34 | Archer |
| 1:34 | Archer |
| 1:40 | Archer |
| 1:45 | Wisp |
| 2:05 | Ancient of War |
| 2:06 | Wisp |
| 2:14 | Wisp |
| 2:23 | Mana Burn |
| 2:25 | Archer |
| 2:29 | Archer |
| 3:12 | Archer |
| 3:51 | Tree of Ages |
| 4:02 | Archer |
| 4:18 | Moon Well |
| 5:41 | Boots of Speed |
| 5:56 | Evasion |
| 6:14 | Wisp |
| 6:15 | Wisp |
| 6:22 | Hunter's Hall |
| 6:42 | Improved Bows |
| 6:48 | Tree of Eternity |
| 7:47 | Ancient of Wind |
| 7:58 | Moon Well |
| 8:07 | Force of Nature |
| 9:12 | Wisp |
| 9:12 | Wisp |
| 9:17 | Chimaera Roost |
| 9:18 | Chimaera Roost |
| 10:01 | Entangling Roots |
| 10:28 | Tree of Life |
| 11:04 | Mana Burn |
| 11:34 | Chimaera |
| 11:34 | Chimaera |
| 11:47 | Wisp |
| 11:47 | Wisp |
| 11:48 | Wisp |
| 12:17 | Chimaera |
| 12:18 | Corrosive Breath |
| 12:20 | Chimaera |
| 12:39 | Strength of the Wild |
| 13:08 | Chimaera |
| 13:28 | Wisp |
| 13:28 | Wisp |
| 13:28 | Wisp |
| 13:28 | Wisp |
| 13:29 | Wisp |
| 14:07 | Moon Well |
| 14:07 | Moon Well |
| 14:08 | Moon Well |
| 15:51 | Wisp |
| 15:51 | Wisp |
| 15:52 | Wisp |
| 16:11 | Ancient Protector |
| 16:13 | Ancient Protector |
| 16:14 | Ancient Protector |
| 16:15 | Ancient Protector |
| 16:18 | Hippogryph |
| 16:18 | Hippogryph |
| 16:18 | Hippogryph |
| 16:18 | Hippogryph |
| 16:19 | Hippogryph |
| 16:58 | Wisp |
| 17:04 | Tree of Life |
| 17:14 | Tree of Life |
| 17:57 | Hippogryph |
| 17:57 | Hippogryph |
| 18:48 | Hippogryph |
| 18:48 | Hippogryph |
| 19:01 | Tree of Life |
| 19:14 | Force of Nature |
| 20:07 | Hippogryph |
| 20:07 | Hippogryph |
| 20:07 | Hippogryph |
| 20:07 | Hippogryph |
| 20:08 | Hippogryph |
| 20:18 | Wisp |
| 20:18 | Wisp |
| 20:19 | Wisp |
| 21:08 | Wisp |
| 21:08 | Wisp |
| 21:08 | Wisp |
| 21:12 | Wisp |
| 21:12 | Wisp |
| 21:19 | Ancient Protector |
| 21:20 | Ancient Protector |
| 21:22 | Ancient Protector |
| 21:23 | Ancient Protector |
| 21:25 | Ancient Protector |
| 21:51 | Tree of Life |
| 22:18 | Hippogryph |
| 22:18 | Hippogryph |
| 22:19 | Hippogryph |
| 22:19 | Hippogryph |
| 23:36 | Tree of Ages |
| 23:41 | Ancient Protector |
| 23:42 | Ancient Protector |
| 23:48 | Wisp |
| 23:48 | Wisp |
| 23:48 | Wisp |
| 23:49 | Wisp |
| 24:48 | Ancient Protector |
| 24:49 | Ancient Protector |
| 24:50 | Ancient Protector |
| 24:50 | Ancient Protector |
| 25:08 | Chimaera |
| 25:08 | Chimaera |
| 25:08 | Chimaera |
| 26:27 | Tree of Life |
| 26:43 | Chimaera |
| 26:43 | Chimaera |
| 27:19 | Wisp |
| 27:19 | Wisp |
| 27:19 | Wisp |
| 27:20 | Wisp |
| 27:21 | Wisp |
| 29:25 | Hippogryph |
| 29:26 | Hippogryph |
| 29:27 | Chimaera |
| 29:27 | Chimaera |
| 30:30 | Hippogryph |
| 30:30 | Hippogryph |
| 30:31 | Hippogryph |
| 30:33 | Evasion |
| 32:22 | Wisp |
| 32:22 | Wisp |
| 32:26 | Wisp |
| 32:26 | Wisp |
| 32:26 | Wisp |
| 32:26 | Wisp |
| 32:27 | Wisp |
| 32:34 | Wisp |
| 32:34 | Wisp |
| 32:34 | Wisp |
| 32:35 | Wisp |
| 32:35 | Wisp |
| 33:23 | Reinforced Hides |
| 33:24 | Ultravision |
| 33:26 | Improved Reinforced Hides |
| 33:35 | Ancient of Wonders |
| 34:56 | Wisp |
| 34:56 | Wisp |
| 35:02 | Tree of Ages |
| 35:39 | Tree of Ages |
| 35:45 | Tree of Life |
| 36:40 | Hippogryph |
| 36:40 | Hippogryph |
| 36:40 | Hippogryph |
| 36:40 | Hippogryph |
| 36:40 | Hippogryph |
| 36:41 | Hippogryph |
| 36:41 | Hippogryph |
| 36:41 | Hippogryph |
| 37:27 | Chimaera |
| 37:27 | Chimaera |
| 37:36 | Improved Strength of the Wild |
| 38:36 | Advanced Reinforced Hides |
| 38:36 | Moon Armor |
| 38:37 | Strength of the Moon |
| 38:41 | Tree of Eternity |
| 38:44 | Tree of Eternity |
| 39:20 | Scroll of Town Portal |
| 39:40 | Chimaera |
| 39:45 | Hippogryph |
| 39:45 | Hippogryph |
| 40:25 | Wisp |
| 40:25 | Wisp |
| 40:25 | Wisp |
| 40:25 | Wisp |
| 40:26 | Wisp |
| 40:53 | Hippogryph |
| 41:25 | Orb of Venom |
| 42:25 | Thorns Aura |
| 42:37 | Hippogryph |
| 42:38 | Hippogryph |
| 42:39 | Hippogryph |
| 43:27 | Advanced Strength of the Wild |
| 43:28 | Well Spring |
| 47:33 | Wisp |
| 47:34 | Wisp |
| 47:34 | Wisp |
| Right click | 1472 |
| Select group | 605 |
| Select | 518 |
| Build/train/purchase | 171 |
| Assign group | 148 |
| Use ability | 71 |
| Resource trade | 38 |
| Esc | 8 |
| Misc. action | 7 |
| Minimap ping | 3 |
| Remove unit | 2 |
| Item give/drop | 1 |
⇛